 Dungeon Crawl Stone Soup version 0.30-a0-297-g0ec75d9ef4 (webtiles) character file.

Game seed: 3150941248083452098

59280 Ekaitz the Reanimator (level 14, -7/103 HPs)
             Began as a Demonspawn Necromancer on Oct 19, 2022.
             Was a High Priest of Sif Muna.
             Mangled by a sixfirhy (11 damage)
             ... summoned by an orc high priest
             ... on level 2 of the Orcish Mines.
             The game lasted 01:10:38 (18613 turns).

Ekaitz the Reanimator (Demonspawn Necromancer)     Turns: 18613, Time: 01:10:39

Health: -7/103     AC: 14    Str: 10    XL:     14   Next: 52%
Magic:  34/34      EV: 14    Int: 23    God:    Sif Muna [*****.]
Gold:   2412       SH:  0    Dex: 13    Spells: 7/28 levels left

rFire   . . .      SeeInvis .    a - +5 long sword "Mafodemn" {vorpal, rN+ Int+5}
rCold   . . .      Faith    .    (no shield)
rNeg    + . .      Spirit   .    R - +3 leather armour {rC+}
rPois   .          Reflect  .    (helmet unavailable)
rElec   .          Harm     .    G - +2 cloak
rCorr   .          Rampage  .    c - +0 pair of gloves
Will    ++++.                    (boots unavailable)
Stlth   +++.......               r - amulet "Xesoec" {+Inv rC- Will+++ Regen+ Str-3}
HPRegen 1.17/turn                w - +4 ring of protection
MPRegen 0.24/turn                K - ring of magical power

@: mighty, animating dead
A: hooves 3, horns 3, ignite blood 2, powered by pain 2, weakness stinger 1,
claws 1
a: Renounce Religion, Evoke Invisibility, Channel Magic, Forget Spell, Divine
Exegesis


You were on level 2 of the Orcish Mines.
You worshipped Sif Muna.
Sif Muna was extremely pleased with you.
You visited 4 branches of the dungeon, and saw 23 of its levels.
You also visited: Ossuary.

You collected 2599 gold pieces.
You spent 187 gold pieces at shops.

Inventory:

Hand Weapons
 a - the +5 long sword "Mafodemn" (weapon) {vorpal, rN+ Int+5}
   (You took it off an orc on level 5 of the Dungeon)

   It inflicts extra damage upon your enemies.
   Int:       It affects your intelligence (+5).
   rN:        It protects you from negative energy.
 d - a +6 double sword of flaming
 y - the +10 spear "Tyak" {speed, rN+ Will+ Int-2 Dex+6}
   (You took it off an orc on level 3 of the Dungeon)

   Attacks with this weapon are significantly faster.
   Int:       It affects your intelligence (-2).
   Dex:       It affects your dexterity (+6).
   rN:        It protects you from negative energy.
   Will:      It increases your willpower.
 H - a +2 shortbow of freezing
 X - a +9 broad axe
Missiles
 F - 24 poisoned darts
 O - 4 throwing nets
 Y - 4 curare-tipped darts
Armour
 c - a +0 pair of gloves (worn)
 G - a +2 cloak (worn)
 L - a +2 leather armour of poison resistance
 M - a +1 leather armour of fire resistance
 R - a +3 leather armour of cold resistance (worn)
 S - the +7 scale mail of the Orb {rN+ Str+7 Dex+3}
   (You found it on level 8 of the Dungeon)

   Str:       It affects your strength (+7).
   Dex:       It affects your dexterity (+3).
   rN:        It protects you from negative energy.
Magical Staves
 n - a staff of death
Jewellery
 m - a ring of poison resistance
 q - a ring of magical power
 r - the amulet "Xesoec" (around neck) {+Inv rC- Will+++ Regen+ Str-3}
   (You acquired it on level 8 of the Dungeon)

   [amulet of regeneration]

   Str:       It affects your strength (-3).
   rC:        It makes you vulnerable to cold.
   +Inv:      It lets you turn invisible.
   Regen:     It increases your rate of health regeneration.
   Will:      It greatly increases your willpower.
 w - a +4 ring of protection (left hand)
 J - a ring of ice
 K - a ring of magical power (right hand)
 N - a ring of fire
 T - an amulet of magic regeneration
 U - a ring of flight
Wands
 g - a wand of polymorph (3)
 k - a wand of flame (40)
 o - a wand of roots (12)
 B - a wand of quicksilver (16)
 I - a wand of mindburst (8)
 W - a wand of paralysis (13)
Scrolls
 e - 9 scrolls of teleportation
 f - 2 scrolls of fear
 h - 6 scrolls of poison
 i - a scroll of amnesia
 s - 2 scrolls of summoning
 u - 4 scrolls of immolation
 v - a scroll of fog
 D - 3 scrolls of magic mapping
 E - 5 scrolls of blinking
 V - a scroll of enchant armour
Potions
 b - 3 potions of magic
 j - 4 potions of cancellation
 p - 9 potions of curing
 t - a potion of resistance
 x - a potion of might
 z - 6 potions of brilliance
 A - 3 potions of invisibility
 C - a potion of flight
 P - a potion of berserk rage
 Q - 7 potions of mutation
 Z - 2 potions of haste
Miscellaneous
 l - a lightning rod (4/4)


   Skills:
 + Level 7.4 Fighting
 + Level 0.3(4.5) Short Blades
 + Level 7.3 Long Blades
 + Level 6.6 Polearms
 - Level 1.0 Ranged Weapons
 + Level 0.2 Throwing
 + Level 4.2 Armour
 + Level 8.0 Dodging
 + Level 5.3 Stealth
 + Level 7.7 Spellcasting
 * Level 8.9 Summonings
 * Level 13.2 Necromancy
 * Level 3.0 Air Magic
 + Level 11.0 Invocations
 + Level 5.5 Evocations


You had 7 spell levels left.
You knew the following spells:

 Your Spells              Type           Power      Damage    Failure   Level
a - Necrotise             Necr           100%       1d9       1%          1
b - Vampiric Draining     Necr           63%        2d10      1%          3
c - Animate Dead          Necr           63%        N/A       1%          4
d - Agony                 Necr           63%        N/A       1%          5
e - Summon Lightning Spi  Summ/Air       36%        N/A       8%          4
r - Cigotuvi's Dreadful   Necr/Pois/Air  66%        N/A       1%          2
u - Sublimation of Blood  Necr           63%        N/A       1%          2

Your spell library contained the following spells:

 Spells                   Type           Power      Damage    Failure   Level
 Kiss of Death            Conj/Necr      100%       2d13      1%          1
 Summon Small Mammal      Summ           100%       N/A       1%          1
 Call Canine Familiar     Summ           50%        N/A       1%          3
 Summon Guardian Golem    Hex/Summ       29%        N/A       4%          3
 Poisonous Vapours        Pois/Air       30%        N/A       8%          2
 Static Discharge         Conj/Air       30%        2-4/arc   8%          2
 Ensorcelled Hibernation  Hex/Ice        16%        N/A       14%         2
 Momentum Strike          Conj/Tloc      16%        3d8       14%         2
 Searing Ray              Conj           16%        2d5       14%         2
 Wereblood                Tmut           8%         N/A       14%         2
 Mephitic Cloud           Conj/Pois/Air  13%        N/A       19%         3
 Airstrike                Air            11%        2d(2-18)  26%         4
 Lesser Beckoning         Tloc           16%        N/A       28%         3
 Portal Projectile        Hex/Tloc       16%        N/A       28%         3
 Stone Arrow              Conj/Erth      16%        3d8       28%         3
 Tukima's Dance           Hex            8%         N/A       28%         3
 Haunt                    Necr/Summ      28%        N/A       63%         7
 Flame Wave               Conj/Fire      8%         2d5       67%         4
 Fulminant Prism          Conj/Hex       4%         3d6       67%         4
 Iskenderun's Mystic Bla  Conj/Tloc      8%         2d4       67%         4
 Manifold Assault         Tloc           8%         N/A       67%         4
 Sticky Flame             Conj/Fire      8%         2d3       67%         4
 Simulacrum               Ice/Necr       19%        N/A       67%         6
 Lightning Bolt           Conj/Air       7%         1d20      80%         5
 Summon Hydra             Summ           25%        N/A       90%         7
 Blade Hands              Tmut           4%         N/A       95%         5
 Irradiate                Conj/Tmut      4%         3d13      95%         5
 Iskenderun's Battlesphe  Conj           8%         2d6       95%         5
 Metabolic Englaciation   Hex/Ice        4%         N/A       95%         5
 Conjure Ball Lightning   Conj/Air       7%         3x3d6     100%        6
 Dragon Form              Tmut           4%         N/A       100%        7
 Ozocubu's Refrigeration  Ice            4%         4d8       100%        7
 Spellforged Servitor     Conj/Summ      14%        N/A       100%        7
 Infestation              Necr           31%        N/A       95%         8
 Fire Storm               Conj/Fire      4%         8d1       100%        9


Dungeon Overview and Level Annotations

Branches:
Dungeon (15/15)            Temple (1/1) D:6            Lair (5/5) D:11
 Shoals (0/4) Lair:3        Snake (0/4) Lair:2        Slime (0/5) Lair:4
    Orc (2/2) D:12            Elf (0/3) Orc:2        Depths (0/4) D:15
Ossuary (visited)
 Vaults: D:13-14

Altars:
Ashenzari
Cheibriados
Dithmenos
Fedhas
Gozag
Hepliaklqana
Kikubaaqudgha
Makhleb
Nemelex Xobeh
Okawaru
Qazlal
Ru
Sif Muna
Trog
Uskayaw
Vehumet
Wu Jian
Xom
Yredelemnul
Jiyva

Shops:
D:6 [   Orc:2 !*(=

Annotations:
D:10 1 runed translucent door
Orc:2 2 runed translucent doors, lunkers's ghost, journeyman MeTm


Innate Abilities, Weirdness & Mutations

You have hooves in place of feet.
You have a pair of large horns on your head.
Your demonic aura often causes spilled blood to erupt in flames.
You sometimes gain power by taking damage.
You have a small tail.
You have sharp fingernails.


Message History

The orc priest hits you but does no damage.
You are poisoned.
The orc priest miscasts a cantrip.
The orc barely misses you. The orc priest hits you with a +0 mace.
* * * LOW HITPOINT WARNING * * *
The orc barely misses you.
The orc priest mumbles some strange prayers to Beogh against you.
Beogh smites you!
* * * LOW HITPOINT WARNING * * *
The orc hits you from afar with a +0 trident.
* * * LOW HITPOINT WARNING * * *
The orc priest looks encouraged for a moment.
The orc high priest utters an invocation to Beogh.
The orc priest looks satisfied for a moment.
The orc priest looks braver for a moment.
Blink to where?
Press: ? - help, Dir - move target
As you read the scroll of blinking, it crumbles to dust.
You feel sick. Something hits your orc zombie! Something hits your orc zombie.
Your orc zombie is destroyed!
Unknown command.
Okay, then.
You feel sick.
You feel sick.
You feel sick.
You feel sick.
You are no longer poisoned.
You feel clever.
a - the +5 long sword "Mafodemn" (weapon)
{vorpal, rN+ Int+5} You miss the sixfirhy.
Your kick misses the sixfirhy. You miss the sixfirhy.
Your kick misses the sixfirhy. Your headbutt misses the sixfirhy.
The sixfirhy attacks as you move away! The sixfirhy hits you.
* * * LOW HITPOINT WARNING * * *
The sixfirhy shocks you!
* * * LOW HITPOINT WARNING * * *
The sixfirhy hits you.
* * * LOW HITPOINT WARNING * * *
The sixfirhy shocks you!
You die...

.................o.....###)##..##
.#...#......#...o#.....# .oo#....
##...............##....# oo.#..##
##..............###...#∩..3#..#
##.##..........##....######..##
###.....#.....##..............
##....#...).................
#####......#.3................
##.#.##......#@#.#....#..#...#.
#......##.......#.....#...####.
##.#...........###...###...###.
####...#.##....##..####..###..
#.....###...##....##...# ##.
##.#.## ##.####....#...# #..
##### ### #....###..####. ##.###
#...#### ### #...##..


You could see a sixfirhy (summoned) and an orc.

Vanquished Creatures
  A yaktaur captain (D:12)
  Fannar (D:12)
  2 centaur warriors
  2 hydras
  A two-headed ogre (D:12)
  2 catoblepae (Lair:5)
  A boulder beetle (D:11)
  9 death yaks
  Urug (Lair:3)
  Sonja (Lair:2)
  6 orc high priests (Orc:2)
  2 skeletal warriors (D:12)
  Amaemon (Lair:2)
  The ghost of koil the Covert, a novice SpEn of Okawaru (D:9)
  2 orc knights
  An ugly thing zombie (D:14)
  A necromancer (D:11)
  3 ugly things
  5 manticores
  A cyclops (D:12)
  2 orc sorcerers (Orc:2)
  5 elephants (Lair:1)
  9 black mambas
  A torpor snail (Lair:3)
  2 efreet (D:14)
  A rime drake (Lair:1)
  A catoblepas zombie (Lair:5)
  2 unseen horrors
  5 komodo dragons
  7 cane toads
  3 trolls
  Grinder (D:3)
  A wind drake (Lair:3)
  A hornet (D:8)
  18 blink frogs
  Sigmund (D:5)
  A wraith (D:11)
  3 wyverns
  Eustachio (D:4)
  46 yaks
  3 vampire mosquitoes (D:11)
  9 wargs
  An acid dragon (D:9)
  16 water moccasins
  A black bear (D:3)
  An ice beast (D:6)
  2 sky beasts
  4 elephant zombies (Lair:1)
  15 orc warriors
  6 ogres
  9 wolves
  2 blink frog zombies (Lair:1)
  7 centaurs
  2 kobold brigands
  8 bullfrogs
  2 necrophages
  A gnoll sergeant (D:11)
  A water moccasin zombie (Lair:2)
  15 wights
  5 yak zombies (Lair:3)
  9 killer bees
  3 howler monkeys
  3 wolf zombies (Lair:5)
  4 centaur zombies
  7 jellies
  3 gnoll boudas
  29 orc priests
  2 iguanas
  29 orc wizards
  8 hell rats
  2 killer bee zombies (D:10)
  A boggart simulacrum (D:14)
  5 mummies (Ossuary)
  15 gnolls
  6 adders
  5 river rats (Lair:2)
  A white imp (D:4)
  3 ufetubi
  A worm (D:5)
  120 orcs
  2 bats (D:3)
  8 endoplasms
  2 goblins
  5 hobgoblins
  3 jackals
  2 quokkas (D:1)
  2 river rat zombies (Lair:2)
  10 ball pythons
  4 frilled lizards
  3 hobgoblin zombies (Ossuary)
  13 kobolds
  5 orc zombies
  2 rats
  2 rat zombies (Lair:2)
584 creatures vanquished.

Vanquished Creatures (collateral kills)
  A catoblepas (Lair:5)
  An ugly thing (D:14)
  An elephant (Lair:1)
  An orange demon (Lair:2)
  A komodo dragon (Lair:4)
  2 blink frogs
  3 yaks
  2 acid dragons (D:10)
  An orc warrior (Orc:1)
  A centaur (D:14)
  An orc wizard (D:11)
  A hell rat (Lair:2)
  A gnoll (D:10)
  A river rat (Lair:2)
  A dart slug (D:3)
  9 orcs
  A ball python (D:3)
  A giant cockroach (D:1)
  A goblin (D:1)
  A rat (Lair:2)
32 creatures vanquished.

Vanquished Creatures (others)
  A catoblepas zombie (Lair:5)
  A human (D:13)
  An elephant zombie (Lair:1)
  A torpor snail zombie (Lair:3)
  2 water moccasin zombies (Lair:2)
  2 warg zombies (D:11)
  A troll zombie (D:11)
  A wolf zombie (Lair:5)
  A centaur zombie (D:13)
  3 killer bee zombies
  2 hell rat zombies (Lair:2)
  3 river rat zombies (Lair:2)
  21 orc zombies
  20 fungi
  44 plants
104 creatures vanquished.

Grand Total: 720 creatures vanquished

Notes
Turn   | Place    | Note
-------+----------+-------------------------------------------
     0 | D:1      | Ekaitz the Demonspawn Necromancer began the quest for the
                  | Orb.
     0 | D:1      | Reached XP level 1. HP: 13/13 MP: 3/3
   396 | D:1      | Discovered your monstrous ancestry.
   396 | D:1      | Gained mutation: You have a pair of small horns on your
                  | head. [demonic ancestry]
   396 | D:1      | Reached XP level 2. HP: 17/20 MP: 1/5
  1113 | D:2      | Reached skill level 5 in Necromancy
  1223 | D:2      | Gained mutation: You sometimes gain a little power by
                  | taking damage. [demonic ancestry]
  1223 | D:2      | Reached XP level 3. HP: 25/25 MP: 4/6
  1846 | D:3      | Noticed a black bear
  1880 | D:3      | Learned a level 3 spell: Vampiric Draining
  2051 | D:3      | Noticed Grinder
  2063 | D:3      | Paralysed by Grinder for 3 turns
  2153 | D:3      | Identified the +10 spear "Tyak" {speed, rN+ Will+ Int-2
                  | Dex+6}
  2196 | D:3      | Gained mutation: You sometimes gain power by taking damage.
                  | [demonic ancestry]
  2196 | D:3      | Reached XP level 4. HP: 31/31 MP: 7/7
  2220 | D:3      | Paralysed by Grinder for 4 turns
  2226 | D:3      | Killed Grinder
  2227 | D:3      | Reached skill level 1 in Fighting
  2227 | D:3      | Reached skill level 6 in Necromancy
  2227 | D:3      | Reached skill level 1 in Evocations
  2227 | D:3      | Gained mutation: You have a pair of horns on your head.
                  | [demonic ancestry]
  2227 | D:3      | Reached XP level 5. HP: 16/38 MP: 7/9
  2330 | D:3      | Gained mutation: Your demonic aura sometimes causes spilled
                  | blood to erupt in flames. [demonic ancestry]
  2330 | D:3      | Reached XP level 6. HP: 44/44 MP: 8/10
  2490 | D:3      | Found an iron altar of Okawaru.
  2492 | D:3      | Noticed a water moccasin
  2502 | D:3      | Killed a water moccasin
  2580 | D:4      | Noticed Eustachio
  2594 | D:4      | Gained mutation: You have large cloven feet. [demonic
                  | ancestry]
  2594 | D:4      | Reached XP level 7. HP: 50/50 MP: 9/12
  2614 | D:4      | Killed Eustachio
  2615 | D:4      | Reached skill level 1 in Polearms
  2844 | D:4      | Learned a level 4 spell: Animate Dead
  2852 | D:4      | Learned a level 5 spell: Agony
  3003 | D:4      | Found a broken altar of Ashenzari.
  3291 | D:5      | Entered Level 5 of the Dungeon
  3310 | D:4      | Reached skill level 7 in Necromancy
  3374 | D:5      | Gained mutation: You have hoof-like feet. [demonic
                  | ancestry]
  3374 | D:5      | Reached XP level 8. HP: 38/57 MP: 7/14
  3649 | D:5      | Noticed Sigmund
  3667 | D:5      | Killed Sigmund
  3733 | D:5      | Identified the +5 long sword "Mafodemn" {vorpal, rN+ Int+5}
  3777 | D:5      | Identified the +5 chain mail of Hedge Wizardry {rF+ Dex+2
                  | Slay+3}
  3780 | D:5      | Reached skill level 1 in Ranged Weapons
  4145 | D:5      | Found a shadowy altar of Dithmenos.
  4588 | D:6      | Reached skill level 8 in Necromancy
  4730 | D:6      | Reached XP level 9. HP: 25/61 MP: 16/16
  4943 | D:6      | Reached skill level 1 in Long Blades
  5062 | D:6      | Found a staircase to the Ecumenical Temple.
  5074 | Temple   | Entered the Ecumenical Temple
  5111 | Temple   | Became a worshipper of Sif Muna the Loreminder
  5330 | D:6      | Found Ijingudwai's Antique Armour Boutique.
  5375 | D:6      | Bought an embroidered cloak for 187 gold pieces
  5866 | D:7      | Reached skill level 1 in Invocations
  5975 | D:7      | Identified the +2 pair of boots of the Slightly Bent {rPois
                  | Dex+4}
  6136 | D:7      | Learned a level 2 spell: Sublimation of Blood
  6162 | D:7      | Found a sparkling altar of Nemelex Xobeh.
  6208 | D:7      | Found an ornate altar of the Wu Jian Council.
  6221 | D:7      | Reached * piety under Sif Muna
  6495 | D:7      | Reached skill level 5 in Dodging
  6583 | D:8      | Found a sand-covered staircase.
  6614 | D:8      | Identified a scroll of acquirement
  6616 | D:8      | Acquired the amulet "Xesoec" {+Inv rC- Will+++ Regen+
                  | Str-3}
  6707 | Ossuary  | Entered an ossuary
  6732 | Ossuary  | Reached skill level 5 in Spellcasting
  6738 | Ossuary  | Reached skill level 9 in Necromancy
  7002 | D:8      | Reached skill level 5 in Evocations
  7187 | D:8      | Reached skill level 5 in Fighting
  7309 | D:8      | Identified the +7 scale mail of the Orb {rN+ Str+7 Dex+3}
  7403 | D:8      | Gained mutation: You have a pair of large horns on your
                  | head. [demonic ancestry]
  7403 | D:8      | Reached XP level 10. HP: 74/74 MP: 17/17
  7608 | D:9      | Reached ** piety under Sif Muna
  7662 | D:9      | Found a shimmering altar of Xom.
  7742 | D:9      | Found a runed translucent gate.
  7743 | D:9      | Found a runed translucent gate.
  7744 | D:9      | Found a runed translucent gate.
  7744 | D:9      | Noticed an 11-headed hydra
  7744 | D:9      | Noticed koil's ghost (novice SpEn)
  7952 | D:10     | Entered Level 10 of the Dungeon
  7971 | D:10     | Found a radiant altar of Vehumet.
  8000 | D:10     | Reached skill level 1 in Armour
  8139 | D:10     | Found a bloodstained altar of Trog.
  8210 | D:10     | Reached skill level 1 in Summonings
  8229 | D:10     | Found a runed translucent door.
  8232 | D:10     | Found a burning altar of Makhleb.
  8232 | D:10     | Noticed a sixfirhy
  8260 | D:10     | Reached skill level 5 in Invocations
  8580 | D:10     | Reached *** piety under Sif Muna
  8797 | D:11     | Found a staircase to the Lair.
  8797 | D:11     | Noticed a boulder beetle
  8882 | D:11     | Killed a boulder beetle
  8883 | D:11     | Reached skill level 10 in Necromancy
  8883 | D:11     | Gained mutation: Your demonic aura often causes spilled
                  | blood to erupt in flames. [demonic ancestry]
  8883 | D:11     | Reached XP level 11. HP: 55/80 MP: 1/19
  9230 | D:11     | Reached **** piety under Sif Muna
  9384 | D:11     | Noticed a necromancer
  9392 | D:11     | Killed a necromancer
  9834 | D:12     | Noticed a skeletal warrior
  9834 | D:12     | Noticed a skeletal warrior
  9834 | D:12     | Noticed a skeletal warrior
  9834 | D:12     | Noticed a purple ugly thing
  9834 | D:12     | Noticed a two-headed ogre
  9935 | Lair:1   | Entered Level 1 of the Lair of Beasts
 10039 | Lair:1   | Reached skill level 5 in Long Blades
 10299 | Lair:1   | Reached skill level 5 in Summonings
 10301 | Lair:1   | Reached XP level 12. HP: 74/87 MP: 21/21
 10843 | Lair:2   | Noticed a six-headed hydra
 10875 | Lair:1   | Learned a level 2 spell: Cigotuvi's Dreadful Rot
 10930 | Lair:2   | Killed a six-headed hydra
 11048 | Lair:2   | Reached ***** piety under Sif Muna
 11124 | Lair:2   | Found a staircase to the Snake Pit.
 11143 | Lair:2   | Reached skill level 11 in Necromancy
 11164 | Lair:2   | Noticed Sonja
 11170 | Lair:2   | Received a gift from Sif Muna
 11174 | Lair:2   | Got Impa's Lessons on Peregrination and Combat Magic {god
                  | gift}
 11216 | Lair:2   | Killed Sonja
 11380 | Lair:2   | Noticed Amaemon
 11391 | Lair:2   | Killed Amaemon
 11879 | Lair:3   | Found a staircase to the Shoals.
 12106 | Lair:3   | Noticed Urug
 12117 | Lair:3   | Killed Urug
 12212 | Lair:3   | Gained mutation: You have a small tail. [demonic ancestry]
 12212 | Lair:3   | Reached XP level 13. HP: 40/94 MP: 22/22
 13135 | Lair:4   | Found a viscous altar of Jiyva.
 13157 | Lair:4   | Reached skill level 5 in Polearms
 13395 | Lair:4   | Found a staircase to the Slime Pits.
 13748 | Lair:5   | Entered Level 5 of the Lair of Beasts
 13810 | Lair:5   | Reached skill level 12 in Necromancy
 13838 | Lair:5   | Gained mutation: You have sharp fingernails. [potion of
                  | mutation]
 13898 | Lair:5   | Reached skill level 10 in Invocations
 14141 | Lair:5   | Received a gift from Sif Muna
 14143 | Lair:5   | Reached skill level 5 in Stealth
 14143 | Lair:5   | Got Sif Muna's Omnibus of Igneous Combat Magic {god gift}
 14901 | Lair:5   | Learned a level 4 spell: Summon Lightning Spire
 15307 | D:12     | Reached skill level 1 in Air Magic
 15353 | D:12     | Found a staircase to the Orcish Mines.
 15367 | D:12     | Gained mutation: You have hooves in place of feet. [demonic
                  | ancestry]
 15367 | D:12     | Reached XP level 14. HP: 79/103 MP: 24/24
 15575 | D:12     | You fall into a shaft and drop 3 floors!
 15575 | D:15     | Entered Level 15 of the Dungeon
 16254 | D:13     | HP: 5/103 [orc knight/+0 war axe (5)]
 16535 | D:12     | Noticed Fannar
 16699 | D:12     | Killed Fannar
 16877 | D:9      | Killed koil's ghost
 17203 | Orc:1    | Entered Level 1 of the Orcish Mines
 17871 | Orc:2    | Entered Level 2 of the Orcish Mines
 17887 | Orc:2    | Found a large runed translucent door.
 17887 | Orc:2    | Found a large runed translucent door.
 17892 | Orc:2    | Noticed lunkers's ghost (journeyman MeTm)
 17897 | Orc:2    | Reached skill level 13 in Necromancy
 17933 | Orc:2    | Found a staircase to the Elven Halls.
 17984 | Orc:2    | Received a gift from Sif Muna
 17985 | Orc:2    | Got Sif Muna's Handbook of the Destructive Iceberg {god
                  | gift}
 18029 | Orc:2    | HP: 1/103 [chaos spawn[an orc high priest] (7)]
 18166 | Orc:2    | Found Veconur's Jewellery Emporium.
 18166 | Orc:2    | Found Cyuskyi's Antique Weapon Boutique.
 18596 | Orc:2    | Found Burigippu's Distillery.
 18596 | Orc:2    | Found Xunarr Beok's Assorted Antiques.
 18613 | Orc:2    | HP: 4/103 [sixfirhy[an orc high priest] (5)]
 18613 | Orc:2    | Mangled by a sixfirhy

Illustrated notes

Levels and vault maps discovered:
D:1:      amcnicky_arrival_underground_garden, layout_loops_ring
D:2:      layout_basic, minmay_tetromino_t4
D:3:      layout_rooms, hellmonk_okawaru_the_only_friend_you_need,
          minmay_starry_boxes, uniq_grinder
D:4:      layout_rooms, evilmike_ruin_ashenzari, uniq_eustachio
D:5:      layout_cave_pools, overflow_temple_1_default, serial_bayou,
          serial_bayou_pond_a, serial_bayou_shore_a, serial_bayou_pond_e,
          serial_bayou_ford_a, lexackson_kobold_supper, uniq_sigmund
D:6:      layout_basic, minmay_temple_entry_nine_rooms, serial_shops,
          nicolae_shop_hallway_plus
D:7:      layout_rooms, mainiacjoe_overflow_chevrons,
          mainiacjoe_overflow_tiny_flanked, skrybe_limestone_x, dk_vineyard_2,
          grunt_ogre_cave
D:8:      layout_gridville, old_standard_altar,
          lightli_ossuary_entry_decrepit_ruins, kennysheep_generic_room_7
D:9:      layout_roguey, xom_butterflies, gammafunk_ghost_hydra_chop
D:10:     layout_rooms, mainiacjoe_overflow_alcove_1, nzn_makhleb_speed_demon,
          mainiacjoe_overflow_catwalk, special_room [special_room_orc]
D:11:     layout_roguey, erik_lair_orcish_takeover, serial_corexii_hall,
          corexii_hall_statues_u, chequers_hall_statues_y,
          corexii_hall_statues_t, minmay_librarian
D:12:     layout_rooms, orc_0_dummy, kennysheep_just_a_vault, uniq_fannar
D:13:     layout_small_grid, ximxim_vaults_locker_room,
          nicolae_trove_entry_free_sample, special_room [special_room_orc],
          chequers_big_river, minmay_hedge_maze, uniq_maurice
D:14:     layout_loops_ring, minmay_misc_feat_cross
D:15:     grunt_enter_depths_snipers, layout_irregular_city,
          nemelex_xobeh_ov_fountains_minmay
Temple:   nicolae_temple_ecumenical_triangle
Lair:1:   layout_regular_city
Lair:2:   layout_loops_ring, minmay_snake_entry_six_corridors,
          kennysheep_rathole, serial_bayou_shore_b, uniq_sonja, uniq_amaemon
Lair:3:   layout_regular_city, minmay_shoals_entry_beasts, lemuel_fruit_tree,
          serial_bayou_shore_b, grunt_megastairs_4, uniq_urug
Lair:4:   layout_gridlike, nicolae_slime_entry_slimehenge, serial_bayou_shore_b
Lair:5:   evilmike_catoblepas_cave, layout_hall_layers
Orc:1:    layout_diamond_mine, serial_shops, guppyfry_library_mini
Orc:2:    st_orc_town, layout_caves, ebering_ghost_disaster_area

Skill      XL: |  1  2  3  4  5  6  7  8  9 10 11 12 13 14 |
---------------+-------------------------------------------+-----
Necromancy     | 5 6 7 8 9 10 11 12 13 | 13.2
Dodging        | 2 3 4 5 6 7 8 |  8.0
Fighting       | 1 2 3 5 6 7 |  7.4
Spellcasting   | 3 4 5 6 7 |  7.7
Evocations     | 1 2 3 4 5 |  5.5
Stealth        | 2 3 4 5 |  5.3
Polearms       | 1 2 4 6 |  6.6
Ranged Weapons | 1 |  1.0
Long Blades    | 2 4 5 6 7 |  7.3
Invocations    | 3 6 8 9 11 | 11.0
Armour         | 2 3 4 |  4.2
Summonings     | 3 5 6 8 |  8.9
Air Magic      | 1 3 |  3.0
Short Blades   | |  0.3
Throwing       | |  0.2

Action                   |  1- 3 |  4- 6 |  7- 9 | 10-12 | 13-15 || total
-------------------------+-------+-------+-------+-------+-------++-------
Melee: Dagger            |    17 |       |     1 |       |       ||    18
       Headbutt          |     3 |     3 |    50 |   133 |   134 ||   323
       Spear             |     6 |    30 |    91 |   165 |   317 ||   609
       Kick              |       |       |    51 |       |    62 ||   113
       Punch             |       |       |     3 |     8 |     8 ||    19
       Staff             |       |       |     1 |       |       ||     1
       Long sword        |       |       |   247 |   366 |    55 ||   668
       Tailslap          |       |       |       |       |    77 ||    77
       Double sword      |       |       |       |       |   168 ||   168
       Broad axe         |       |       |       |       |     1 ||     1
 Fire: Shortbow          |       |       |     2 |     3 |       ||     5
Throw: Dart              |       |       |       |     5 |       ||     5
 Cast: Necrotise         |    46 |     8 |    48 |     9 |     2 ||   113
       Vampiric Draining |       |       |    16 |    30 |    56 ||   102
       Animate Dead      |       |       |     2 |     6 |     9 ||    17
       Agony             |       |       |     1 |       |       ||     1
       Cigotuvi's Dreadf |       |       |       |     1 |       ||     1
       Summon Lightning  |       |       |       |       |     1 ||     1
Evoke: Wand              |       |       |       |     1 |     1 ||     2
  Use: Scroll            |       |       |     7 |    19 |     7 ||    33
       Potion            |       |       |       |     2 |     6 ||     8
 Stab: Sleeping          |     4 |     1 |     5 |     6 |     9 ||    25
       Distracted        |       |       |     2 |     4 |     2 ||     8
Armor: Robe              |     7 |     4 |   142 |       |       ||   153
       Leather armour    |       |       |    68 |   241 |   183 ||   492
Dodge: Dodged            |    20 |     8 |   376 |   511 |   367 ||  1282

Table legend: (Time is in decaauts)
 A = Elapsed time spent in this place.
 B = Non-inter-level travel time spent in this place.
 C = Inter-level travel time spent in this place.
 D = Time resting spent in this place.
 E = Time spent auto-exploring this place.
 F = Levels seen in this place.
 G = Mean time per level.
                   A        B        C        D        E       F      G
               +--------+--------+--------+--------+--------+-----+--------+
         Total |  18591 |  17501 |   1090 |   1274 |  11470 |  24 |  774.6 |
       Dungeon |  11930 |  11139 |    791 |    852 |   7185 |  15 |  795.3 |
        Temple |     44 |     37 |      7 |      0 |     31 |   1 |   44.0 |
          Lair |   4964 |   4711 |    253 |    267 |   3275 |   5 |  992.8 |
  Orcish Mines |   1420 |   1382 |     38 |     28 |    938 |   2 |  710.0 |
       Ossuary |    231 |    231 |      0 |    127 |     41 |   1 |  231.0 |
               +--------+--------+--------+--------+--------+-----+--------+

Top non-repeatable levels by time:
     D:6: 1422 daAuts
    D:11: 1347 daAuts
  Lair:5: 1136 daAuts
  Lair:2: 1040 daAuts
  Lair:3: 968 daAuts
     D:5: 956 daAuts
     D:2: 933 daAuts
  Lair:4: 932 daAuts
     D:4: 927 daAuts
  Lair:1: 887 daAuts
     D:1: 838 daAuts
     D:3: 836 daAuts
     D:7: 824 daAuts
    D:10: 822 daAuts
    D:12: 763 daAuts
